 Dungeon Crawl Stone Soup version 0.17-a0-1337-ge651487 (webtiles) character file.

13468 inmateoo the Frost Mage (level 11, -8/89 HPs)
             Began as a Grey Draconian Ice Elementalist on June 10, 2015.
             Was a High Priest of Okawaru.
             Shot with a bolt by a yaktaur (26 damage)
             ... on level 13 of the Dungeon.
             The game lasted 00:25:25 (11561 turns).

inmateoo the Frost Mage (DrIE)                     Turns: 11561, Time: 00:25:25

Health: -8/89      AC: 17    Str: 12    XL:     11   Next: 76%
Magic:  18/21      EV: 17    Int: 20    God:    Okawaru [*****.]
Gold:   758        SH:  0    Dex: 22    Spells: 6 memorised, 8 levels left

rFire  . . .     SeeInvis .     i - +5 dagger (drain)
rCold  + . .     Clarity  .     (armour unavailable)
rNeg   . . .     SustAt   .     (no shield)
rPois  .         Gourm    .     (helmet restricted)
rElec  .         Spirit   .     x - +1 cloak {+Inv}
rCorr  .         Warding  .     w - +0 pair of gloves "Motamie" {Dex+7 Slay-3}
rMut   .         Stasis   .     g - +1 pair of boots
MR     .....                    h - amulet of regeneration
Stlth  +++.......               (no ring)
                                s - +2 ring of strength

@: not resistant to hostile enchantments, fairly stealthy
A: walk through water, unfitting armour, agile 2, cold resistance 1,
unbreathing, cold-blooded, AC +12
a: Heroism, Finesse, Renounce Religion, Evoke Invisibility


You were on level 13 of the Dungeon.
You worshipped Okawaru.
Okawaru was extremely pleased with you.
You were very hungry.

You visited 2 branches of the dungeon, and saw 14 of its levels.

You collected 788 gold pieces.
You spent 30 gold pieces at shops.

Inventory:

Hand weapons
 i - a +5 dagger of draining (weapon)
 O - a +4 scimitar of flaming
Armour
 g - a +1 pair of boots (worn)
 w - the +0 pair of gloves "Motamie" (worn) {Dex+7 Slay-3}
   (You found it on level 4 of the Dungeon)

   It affects your dexterity (+7).
   It affects your accuracy and damage with ranged weapons and melee attacks
   (-3).
 x - a +1 cloak of invisibility (worn)
Rods
 y - a +1 rod of destruction (2/14)
   (You found it on level 5 of the Dungeon)
Jewellery
 h - an amulet of regeneration (around neck)
 s - a +2 ring of strength (left hand)
 H - the ring "Jyuwuplerph" {+/*Tele Int+3}
   (You found it on level 10 of the Dungeon)

   [ring of teleportation]

   It may teleport you to nearby monsters, and can be evoked to randomly
   teleport.
   It affects your intelligence (+3).
 M - an uncursed ring of ice
Magical devices
 e - a wand of magic darts (20)
 o - a wand of slowing (4)
 z - a wand of enslavement (10)
 B - a wand of magic darts (35)
 C - a wand of paralysis (5)
 F - a wand of digging (13)
 L - a wand of digging (8)
Scrolls
 j - 9 scrolls of teleportation
 l - 3 scrolls of enchant weapon
 q - 8 scrolls of remove curse
 u - 4 scrolls of magic mapping
 v - 5 scrolls of identify
 D - 3 scrolls of recharging
 E - a scroll of enchant armour
 G - a scroll of blinking
 N - a scroll of fog
 R - 2 scrolls of brand weapon
Potions
 d - a potion of brilliance
 f - 3 potions of heal wounds
 k - 3 potions of haste
 m - 3 potions of lignification
 r - 5 potions of curing
 t - a potion of ambrosia
 I - 4 potions of might
Books
 a - a book of Frost

   Spells                             Type                      Level
   a - Freeze                         Ice                          1
   b - Throw Frost                    Conjuration/Ice              2
   c - Ozocubu's Armour               Charms/Ice                   3
   d - Throw Icicle                   Conjuration/Ice              4
   e - Summon Ice Beast               Ice/Summoning                4
   f - Condensation Shield            Ice                          4
 A - a book of Maledictions

   Spells                             Type                      Level
   a - Corona                         Hexes                        1
   b - Ensorcelled Hibernation        Hexes/Ice                    2
   c - Confuse                        Hexes                        3
   d - Tukima's Dance                 Hexes                        3
   e - Dazzling Spray                 Conjuration/Hexes            3
 J - a book of the Sky

   Spells                             Type                      Level
   a - Summon Lightning Spire         Summoning/Air                4
   b - Airstrike                      Air                          4
   c - Silence                        Hexes/Air                    5
   d - Deflect Missiles               Charms/Air                   6
   e - Conjure Ball Lightning         Conjuration/Air              6
   f - Tornado                        Air                          9
 K - a book of Control

   Spells                             Type                      Level
   a - Control Teleport               Charms/Translocation         4
   b - Control Undead                 Necromancy                   4
   c - Metabolic Englaciation         Hexes/Ice                    5
   d - Mass Confusion                 Hexes                        6
Miscellaneous
 Q - a fan of gales (inert)
Comestibles
 b - 13 bread rations
 c - 4 meat rations
 n - 5 beef jerkies
 p - 8 fruits
 P - a slice of pizza


   Skills:
 + Level 6.2 Fighting
 * Level 8.1 Short Blades
 + Level 5.4 Dodging
 + Level 5.6 Stealth
 + Level 6.7 Spellcasting
 - Level 1.0 Conjurations
 * Level 3.7 Hexes
 * Level 10.8 Ice Magic
 + Level 5.4 Evocations


You had 8 spell levels left.
You knew the following spells:

 Your Spells              Type           Power        Failure   Level  Hunger
a - Freeze                Ice            ####         1%          1    None
b - Throw Frost           Conj/Ice       ####..       1%          2    None
c - Ozocubu's Armour      Chrm/Ice       ####....     3%          3    #......
d - Throw Icicle          Conj/Ice       ####....     10%         4    ###....
e - Ensorcelled Hibernat  Hex/Ice        #####.       1%          2    None
f - Dazzling Spray        Conj/Hex       ###.....     12%         3    #......


Dungeon Overview and Level Annotations

Branches:
Dungeon (13/15)            Temple (1/1) D:6            Lair (0/8) D:9
    Orc (0/4) D:10
 Vaults: D:13-14

Altars:
Ashenzari
Cheibriados
Dithmenos
Elyvilon
Fedhas
Gozag
Kikubaaqudgha
Makhleb
Nemelex Xobeh
Okawaru
Qazlal
Ru
Sif Muna
Trog
Vehumet
Xom
Yredelemnul
Zin
The Shining One

Shops:
D:4 !   D:5 !


Innate Abilities, Weirdness & Mutations

You can walk through water.
Your dull iron-grey scales are very hard (AC +12).
Your body does not fit into most forms of armour.
You can survive without breathing.
You are cold-blooded and may be slowed by cold attacks.
You are very agile. (Dex +4)
Your flesh is cold resistant.


Message History

Unknown command.
Unknown command.
Evoke which item? (* to show all) (? for menu, Esc to quit)
Zapping:
B - a wand of magic darts (will waste charges)
Press: ? - help, Shift-Dir - straight line, f/p - skeletal warrior
Aim: a skeletal warrior, wielding a hand axe (moderately damaged)
The magic dart hits the skeletal warrior.
The skeletal warrior is moderately damaged.
Evoking this partially-identified wand wasted a few charges.
A yaktaur comes into view.
Evoke which item? (* to show all) (? for menu, Esc to quit)
Okay, then.
Wield which item (- for none, * to show all)? (? for menu, Esc to quit)
You sense an unholy aura.
i - a +5 dagger of draining (weapon)
The skeletal warrior barely misses you.
The yaktaur wields an arbalest.
The yaktaur shoots a bolt.
The bolt hits you!!
* * * LOW HITPOINT WARNING * * *
The yaktaur wields an arbalest.
The yaktaur shoots a bolt.
The bolt hits you!!
You die...

........#######.# #
#######....#....######
#....'....#....#
#....#.........#
#....#.........' .
#....#.........# ..
#....#.........#
.c#.######+###.........#
......)@e..............#
...c...z(....(.........#
..#.#####...............
.. #..........(.... .
#...............
#...............
#........##....#
##+###...####'##
####...##....#....#


You could see a skeletal warrior, 2 yaktaurs and a deep elf priest.

Vanquished Creatures
  Fannar (D:10)
  A centaur warrior (D:13)
  2 unseen horrors
  A hill giant (D:12)
  The ghost of Charly the Cleaver, an experienced GrSk of Ashenzari (D:10)
  An ugly thing (D:12)
  Maurice (D:10)
  Psyche (D:9)
  An efreet (D:11)
  A deep elf priest (D:13)
  2 trolls
  3 two-headed ogres
  A centaur simulacrum (D:11)
  A spriggan (D:7)
  A deep elf mage (D:13)
  4 yaks (D:11)
  Eustachio (D:4)
  Menkaure (D:5)
  A warg (D:10)
  Edmund (D:4)
  Duvessa (D:7)
  2 ice beasts
  A water moccasin (D:8)
  3 orc warriors
  A wasp (D:11)
  A phantom (D:11)
  A black bear (D:9)
  A sky beast (D:9)
  A necrophage (D:7)
  3 ogres
  5 centaurs
  4 big kobolds
  6 giant frogs
  Dowan (D:7)
  A gnoll sergeant (D:9)
  3 scorpions
  A water moccasin skeleton (D:8)
  6 wights
  A jelly (D:8)
  8 killer bees
  3 crimson imps
  3 centaur zombies
  2 giant frog zombies (D:5)
  Crazy Yiuf (D:7)
  6 hounds
  2 centaur skeletons
  3 iguanas
  7 orc priests
  13 worker ants
  7 orc wizards
  A hound zombie (D:7)
  A hound skeleton (D:3)
  A worker ant zombie (D:6)
  16 adders
  12 gnolls
  3 shadow imps
  An ooze (D:3)
  3 adder zombies
  2 adder skeletons
  2 worms
  8 giant geckos
  51 orcs
  4 ball pythons
  18 bats
  A bat zombie (D:5)
  7 giant cockroaches
  20 goblins
  10 hobgoblins
  5 giant newts
  2 jackal skeletons
  35 kobolds
  6 quokkas
  A quokka skeleton (D:6)
  21 rats
356 creatures vanquished.

Vanquished Creatures (collateral kills)
  A centaur skeleton (D:13)
  A wight (D:13)
2 creatures vanquished.

Grand Total: 358 creatures vanquished

Notes
Turn   | Place    | Note
--------------------------------------------------------------
     0 | D:1      | inmateoo the Draconian Ice Elementalist began the quest for the Orb.
     0 | D:1      | Reached XP level 1. HP: 14/14 MP: 3/3
   148 | D:1      | Reached XP level 2. HP: 20/20 MP: 1/5
   648 | D:1      | Learned a level 2 spell: Throw Frost
   654 | D:1      | Reached XP level 3. HP: 22/26 MP: 1/6
   759 | D:3      | Reached skill level 4 in Ice Magic
  1075 | D:2      | Reached XP level 4. HP: 33/33 MP: 5/8
  1223 | D:2      | Learned a level 3 spell: Ozocubu's Armour
  1325 | D:3      | Reached skill level 5 in Ice Magic
  1335 | D:3      | Reached XP level 5. HP: 35/38 MP: 2/9
  1924 | D:3      | Learned a level 4 spell: Throw Icicle
  1962 | D:4      | Found Bega's Distillery.
  1967 | D:4      | Bought a potion of curing for 30 gold pieces
  1983 | D:4      | Noticed an ogre
  1990 | D:4      | Killed an ogre
  1990 | D:4      | Reached XP level 6. HP: 29/45 MP: 5/11
  2063 | D:4      | Noticed Edmund
  2069 | D:4      | Gained mutation: You are agile. (Dex +2) [potion of mutation]
  2069 | D:4      | Gained mutation: Your flesh is cold resistant. [potion of mutation]
  2069 | D:4      | Gained mutation: You are very agile. (Dex +4) [potion of mutation]
  2085 | D:4      | Killed Edmund
  2085 | D:4      | Reached skill level 6 in Ice Magic
  2255 | D:4      | Noticed an ogre
  2265 | D:4      | Killed an ogre
  2314 | D:4      | Got a pair of dazzling gloves
  2320 | D:4      | Identified the cursed +0 pair of gloves "Motamie" {Dex+7 Slay-3} (You found it on level 4 of the Dungeon)
  2344 | D:4      | Your scales start taking on a dull iron-grey colour.
  2344 | D:4      | Gained mutation: You can survive without breathing. [Grey Draconian growth]
  2344 | D:4      | Reached XP level 7. HP: 46/50 MP: 7/13
  2371 | D:4      | Noticed Eustachio
  2389 | D:4      | Killed Eustachio
  2389 | D:4      | Reached skill level 1 in Short Blades
  2389 | D:4      | Reached skill level 7 in Ice Magic
  2679 | D:5      | Entered Level 5 of the Dungeon
  2700 | D:5      | Reached skill level 1 in Fighting
  2766 | D:5      | Found Iplitaim's Distillery.
  2788 | D:5      | Identified a +0 rod of destruction (13/13) (You found it on level 5 of the Dungeon)
  3131 | D:5      | Noticed Menkaure
  3157 | D:5      | Killed Menkaure
  3157 | D:5      | Reached XP level 8. HP: 36/61 MP: 4/15
  3279 | D:5      | Found a glowing golden altar of the Shining One.
  3740 | D:6      | Found a staircase to the Ecumenical Temple.
  3747 | Temple   | Entered the Ecumenical Temple
  3787 | Temple   | Became a worshipper of Warmaster Okawaru
  4036 | D:6      | Reached skill level 1 in Evocations
  4509 | D:6      | Found a glowing silver altar of Zin.
  4509 | D:6      | Found a white marble altar of Elyvilon.
  4842 | D:7      | Reached skill level 5 in Spellcasting
  4845 | D:7      | Found a deep blue altar of Sif Muna.
  4858 | D:7      | Noticed Duvessa
  4897 | D:7      | Found a radiant altar of Vehumet.
  4910 | D:7      | Killed Duvessa
  5033 | D:7      | Noticed Dowan
  5049 | D:7      | Killed Dowan
  5049 | D:7      | Acquired Okawaru's first power
  5049 | D:7      | Reached skill level 8 in Ice Magic
  5224 | D:7      | Reached XP level 9. HP: 68/68 MP: 9/16
  5662 | D:7      | Noticed Crazy Yiuf
  5668 | D:7      | Killed Crazy Yiuf
  5763 | D:7      | Found a sacrificial altar of Ru.
  6081 | D:8      | Found a burning altar of Makhleb.
  6518 | D:8      | Reached skill level 5 in Short Blades
  6549 | D:8      | Found a bloodstained altar of Trog.
  6726 | D:9      | Found a staircase to the Lair.
  7095 | D:9      | Reached skill level 9 in Ice Magic
  7281 | D:9      | Reached XP level 10. HP: 80/80 MP: 1/18
  7301 | D:9      | Noticed Psyche
  7321 | D:9      | Killed Psyche
  7710 | D:10     | Entered Level 10 of the Dungeon
  7710 | D:10     | Noticed Maurice
  7919 | D:10     | Found a staircase to the Orcish Mines.
  8110 | D:10     | Noticed Charly's ghost (experienced GrSk)
  8116 | D:10     | Killed Charly's ghost
  8116 | D:10     | Reached skill level 5 in Fighting
  8119 | D:10     | Received a gift from Okawaru
  8154 | D:10     | Got a sparkling gossamer ring
  8241 | D:10     | Killed Maurice
  8336 | D:10     | Killed an unseen horror
  8386 | D:10     | Reached skill level 10 in Ice Magic
  8524 | D:10     | Learned a level 2 spell: Ensorcelled Hibernation
  8528 | D:10     | Learned a level 3 spell: Dazzling Spray
  8535 | D:10     | Noticed Fannar
  8549 | D:10     | Killed Fannar
  8549 | D:10     | Reached skill level 1 in Hexes
  8553 | D:10     | Identified the ring "Jyuwuplerph" {+/*Tele Int+3} (You found it on level 10 of the Dungeon)
  8863 | D:10     | Acquired Okawaru's second power
  9279 | D:11     | Reached XP level 11. HP: 80/88 MP: 15/20
  9405 | D:11     | Reached skill level 5 in Dodging
  9592 | D:11     | Reached skill level 5 in Stealth
 10120 | D:12     | Reached skill level 5 in Evocations
 10261 | D:12     | Noticed a hill giant
 10268 | D:12     | Killed a hill giant
 10268 | D:12     | Received a gift from Okawaru
 10363 | D:12     | Killed an unseen horror
 11286 | D:13     | Noticed a centaur warrior
 11293 | D:13     | Killed a centaur warrior
 11553 | D:13     | Noticed a skeletal warrior
 11561 | D:13     | Shot with a bolt by a yaktaur

Vault maps used:
D:1:      minmay_arrival_up_and_down, minmay_surrounded
D:3:      minmay_misc_feat_alley
D:4:      first_bread, serial_shops, nicolae_shop_trees, uniq_eustachio,
          uniq_edmund
D:5:      tso_oasis_becter, serial_shops, shop, minivault_5, uniq_menkaure
D:6:      gammafunk_temple_overflow_wave, temple_statues
D:7:      grunt_temple_overflow_open, the_bakery,
          nicolae_ru_great_annihilating_truth, uniq_duvessa,
          uniq_crazy_yiuf_cottage
D:8:      nicolae_overflow_hidden_temple, kennysheep_mini
D:9:      lair_0_dummy, kennysheep_generic_room_5, uniq_psyche
D:10:     david_orc_1_choice, uniq_fannar, uniq_maurice
D:11:     kennysheep_cross_room, grunt_decor_resistance
D:13:     hangedman_vaults_entry_quadrant_bands
Temple:   circular_temple_12

Action                   |  1- 3 |  4- 6 |  7- 9 | 10-12 || total
-------------------------+-------+-------+-------+-------++-------
Melee: Unarmed           |     3 |       |       |       ||     3
       Dagger            |    39 |    56 |   668 |   472 ||  1235
       Rod               |       |       |       |     1 ||     1
 Cast: Freeze            |    52 |    59 |   145 |    67 ||   323
       Ozocubu's Armour  |       |     3 |    12 |     7 ||    22
       Throw Icicle      |       |       |    12 |     5 ||    17
       Throw Frost       |       |       |     1 |       ||     1
       Dazzling Spray    |       |       |       |     2 ||     2
       Ensorcelled Hiber |       |       |       |    22 ||    22
Evoke: Rod               |       |       |    11 |    13 ||    24
       Wand              |       |       |       |     7 ||     7
       Fan of gales      |       |       |       |     1 ||     1
  Use: Scroll            |       |     9 |     9 |     4 ||    22
       Potion            |       |     1 |     2 |       ||     3
 Stab: Sleeping          |       |     4 |    23 |    26 ||    53
       Distracted        |       |       |     2 |     2 ||     4
       Paralysed         |       |       |     1 |     5 ||     6
  Eat: Chunk             |     1 |     4 |    24 |    18 ||    47
       Pizza             |       |       |       |     1 ||     1
